 Dungeon Crawl Stone Soup version 0.29.0-4-gdea44cf6ec (webtiles) character file.

Game seed: 12958659214461289884

2656 qw the Cleaver (level 9, -6/57 HPs)
             Began as a Gargoyle Fighter on Sept 10, 2022.
             Was a Follower of Okawaru.
             Mangled by Joseph
             ... wielding a +0 quarterstaff
              (14 damage)
             ... on level 7 of the Dungeon.
             The game lasted 00:03:28 (7024 turns).

qw the Cleaver (Gargoyle Fighter)                   Turns: 7024, Time: 00:03:29

Health: -6/57      AC:  9    Str: 24    XL:     9   Next: 62%
Magic:  8/9        EV: 20    Int:  9    God:    Okawaru [*.....]
Gold:   79         SH:  0    Dex:  9    Spells: 8/8 levels left

rFire   + + .      SeeInvis .     - Unarmed
rCold   + + .      Faith    .   (shield currently unavailable)
rNeg    + + +      Spirit   .   (body armour currently unavailable)
rPois   inf        Reflect  .   (helmet currently unavailable)
rElec   +          Harm     .   (cloak currently unavailable)
rCorr   +          Rampage  .   (gloves currently unavailable)
Will    .....      Clarity  +   (boots currently unavailable)
Stlth   +++.......              (amulet currently unavailable)
HPRegen 0.19/turn               (ring currently unavailable)
MPRegen 0.11/turn               (ring currently unavailable)

@: about to teleport, wisp-form, heroic, flying
A: insubstantial, flying, no casting, sickness immunity, AC +6, tiny, negative
energy resistance 1, (electricity resistance), torment resistance 1,
petrification resistance, clarity, low MP 1, subdued magic 1
a: Renounce Religion, Heroism


You were on level 7 of the Dungeon.
You worshipped Okawaru.
Okawaru was aware of your devotion.
You were an insubstantial wisp.
You visited 2 branches of the dungeon, and saw 8 of its levels.

You collected 416 gold pieces.
You spent 337 gold pieces at shops.


Innate Abilities, Weirdness & Mutations

You are an insubstantial wisp.
Your tiny insubstantial body is highly resistant to most damage types.
You are flying.
Your equipment is entirely melded.
You are incapable of wielding weapons or throwing items.
You cannot cast spells.
You are immune to sickness and miasma.
((Your stone body is resilient. (AC +6)))
You are immune to poison.
You resist negative energy. (rN+)
((You are resistant to electric shocks. (rElec)))
You are resistant to unholy torment.
You are immune to petrification.
You possess an exceptional clarity of mind.
Your magical capacity is low. (-10% MP)
Your spells are a little easier to cast, but a little less powerful.


   Skills:
 - Level 7.0(12.0) Fighting
 + Level 9.3(14.3) Axes
 - Level 1.7(6.7) Throwing
 - Level 5.0(10.0) Armour
 - Level 1.3(6.3) Dodging
 - Level 4.5(9.5) Shields
 + Level 2.1 Invocations


You had 8 spell levels left.
You didn't know any spells.
Your spell library was empty.

Inventory:

Hand Weapons
 g - a +0 vampiric war axe (melded)
 q - a +1 hand axe of flaming
Missiles
 u - 3 boomerangs (quivered)
Armour
 c - a +0 buckler (melded)
 e - a scarf of resistance (melded)
 l - +0 storm dragon scales (melded)
 o - a +2 hat (melded)
 t - a +0 pair of gloves (melded)
Jewellery
 a - a +6 ring of strength (melded)
 h - a +4 ring of evasion (melded)
 j - an amulet of the acrobat (melded)
Wands
 i - a wand of digging (3)
Scrolls
 m - 6 scrolls of identify
 n - 5 scrolls of teleportation
Potions
 b - 2 potions of attraction
 d - 2 potions of might
 f - 2 potions of lignification
 k - 2 potions of mutation
 p - 3 potions of curing
 r - a potion of heal wounds
 s - 2 potions of resistance
 v - a potion of haste

Dungeon Overview and Level Annotations

Branches:
Dungeon (7/15)             Temple (1/1) D:6

Altars:
Ashenzari
Cheibriados
Fedhas
Gozag
Nemelex Xobeh
Okawaru
Trog
Xom
Zin
The Shining One

Shops:
D:4 (?:   D:6 [!*(

Annotations:
D:4 1 runed translucent door, Crazy Yiuf
D:7 Joseph


Message History

Joseph hits you with a +0 quarterstaff!
You touch Joseph.
Joseph is moderately wounded.
Joseph hits you with a +0 quarterstaff.
You touch Joseph but do no damage.
Joseph is moderately wounded.
You barely miss Joseph.
Joseph is moderately wounded.
Joseph hits you with a +0 quarterstaff!
7015 ||| INVOKING Heroism.
You gain the combat prowess of a mighty hero.
Joseph hits you with a +0 quarterstaff.
You touch Joseph.
Joseph is moderately wounded.
Joseph closely misses you.
You touch Joseph but do no damage.
Joseph is moderately wounded.
Joseph completely misses you.
You touch Joseph.
Joseph is heavily wounded.
Joseph closely misses you.
You completely miss Joseph.
Joseph is heavily wounded.
Joseph misses you.
You barely miss Joseph.
Joseph is heavily wounded.
You touch Joseph.
Joseph is heavily wounded.
Joseph hits you with a +0 quarterstaff!
You touch Joseph but do no damage.
Joseph is heavily wounded.
Joseph hits you but does no damage.
You touch Joseph.
Joseph is heavily wounded.
Joseph hits you with a +0 quarterstaff!
7024 ||| READING 6 scrolls of teleportation.
As you read the scroll of teleportation, it crumbles to dust.
You feel strangely unstable. Joseph hits you with a +0 quarterstaff!
You die...

... #)# #.#.########..#
#.######.####.#...#<......#
#.>...##...##.#.#.######.##
#...#.####.##.#.#.######.#
#..........#....#........#
#.#...######.##.##########
##.##.@.###...##.....#
#.........##.########.# #
#..........#v# #.##### #
#..........@.########.#...###
###'######................'..
#. #......#.######.#...### #
#.######.....##.##### # ..
### #####......# # ## #..
........#.# # . #.#
#####.....### # .... #.#
#.......###


You could see Joseph.

Vanquished Creatures
  Prince Ribbit (D:5)
  3 steam dragons
  Menkaure (D:4)
  A water moccasin (D:7)
  2 ogres (D:6)
  An ice beast (D:5)
  A sky beast (D:7)
  A black bear (D:5)
  2 phantoms (D:5)
  3 kobold brigands (D:7)
  A bullfrog (D:7)
  A necrophage (D:4)
  A scorpion (D:4)
  A gnoll sergeant (D:7)
  A howler monkey (D:5)
  A jelly (D:6)
  2 hounds
  2 gnoll boudas
  2 orc priests
  Ijyb (D:4)
  Terence (D:1)
  An iguana (D:5)
  Natasha (thrice) (D:2)
  An orc wizard (D:4)
  14 gnolls
  9 adders
  3 white imps
  2 ufetubi
  3 worms
  2 dart slugs
  17 orcs
  9 endoplasms
  A giant cockroach (D:4)
  12 goblins
  4 hobgoblins
  6 jackals (D:4)
  23 kobolds
  4 quokkas
  6 ball pythons
  5 bats
  4 frilled lizards
  2 rats (D:2)
161 creatures vanquished.

Vanquished Creatures (others)
  A fungus (D:4)
1 creature vanquished.

Grand Total: 162 creatures vanquished

Notes
Turn   | Place    | Note
-------+----------+-------------------------------------------
     0 | D:1      | qw the Gargoyle Fighter began the quest for the Orb.
     0 | D:1      | Reached XP level 1. HP: 14/14 MP: 1/1
     0 | D:1      | 0 ||| qw: Version: 0.1-a-113-g051387a
     0 | D:1      | 0 ||| qw: Game counter: 7384
     0 | D:1      | 0 ||| qw: Always use a shield: true
     0 | D:1      | 0 ||| qw: God list: Okawaru
     0 | D:1      | 0 ||| qw: Allow faded altars: false
     0 | D:1      | 0 ||| qw: Do Orc after D:15 true
     0 | D:1      | 0 ||| qw: Do second Lair branch before Depths: true
     0 | D:1      | 0 ||| qw: Lair rune preference: random
     0 | D:1      | 0 ||| qw: Plans: Normal, Zot, God:TSO, Crypt, Tomb, Zig,
                  | Orb
     0 | D:1      | 0 ||| PLANNING D:1-11
   249 | D:1      | Reached skill level 2 in Axes
   597 | D:1      | Reached XP level 2. HP: 19/19 MP: 2/2
  1169 | D:1      | 1169 ||| Stepping ~*~*~tactically~*~*~ (hiding).
  1179 | D:1      | 1179 ||| UPGRADING to +0 storm dragon scales.
  1189 | D:1      | 1189 ||| DROPPING +0 scale mail.
  1190 | D:1      | 1190 ||| UPGRADING to amulet of the acrobat.
  1195 | D:1      | 1195 ||| READING scroll labelled GYTUSO ZOVOZO.
  1196 | D:1      | 1196 ||| READING scroll labelled HIRUON TIMOMOD.
  1197 | D:1      | 1197 ||| READING scroll labelled OKYXAP NENA.
  1201 | D:1      | 1201 ||| READING scroll labelled TAMAON BOESI.
  1202 | D:1      | 1202 ||| READING scroll labelled IKUPPI CAOG.
  1323 | D:2      | Noticed Terence
  1326 | D:2      | 1326 ||| STAIRDANCE
  1332 | D:2      | 1332 ||| STAIRDANCE
  1339 | D:1      | Killed Terence
  1340 | D:1      | Reached skill level 3 in Axes
  1340 | D:1      | Reached XP level 3. HP: 23/23 MP: 3/3
  1347 | D:2      | 1347 ||| STAIRDANCE
  1465 | D:2      | Reached XP level 4. HP: 28/28 MP: 4/4
  1484 | D:2      | Noticed Natasha
  1492 | D:2      | Killed Natasha
  1493 | D:2      | Reached skill level 4 in Axes
  1686 | D:2      | Found an opulent altar of Gozag.
  1688 | D:2      | Noticed Natasha
  1700 | D:2      | Killed Natasha
  1701 | D:2      | Reached XP level 5. HP: 22/32 MP: 5/5
  1824 | D:2      | Noticed Natasha
  1833 | D:2      | Killed Natasha
  2075 | D:2      | 2075 ||| UPGRADING to scarf of resistance.
  2080 | D:2      | 2080 ||| UPGRADING to +4 ring of evasion.
  2210 | D:3      | Reached skill level 5 in Axes
  2319 | D:3      | 2319 ||| DROPPING +0 flail.
  2643 | D:3      | Identified the +9 whip "Kuzidid" {vorpal, rF+ rC+ rCorr}
  2982 | D:3      | 2982 ||| READING scroll labelled AQUUDI OCKEFEA.
  2983 | D:3      | 2983 ||| READING scroll labelled HOPPUU BASITSY.
  2984 | D:3      | 2984 ||| READING scroll labelled SOWUHUONAE.
  2985 | D:3      | 2985 ||| READING 4 scrolls of identify.
  2985 | D:3      | 2985 ||| IDENTIFYING golden potion
  2986 | D:3      | 2986 ||| READING 3 scrolls of identify.
  2986 | D:3      | 2986 ||| IDENTIFYING viscous brown potion
  2987 | D:3      | 2987 ||| READING 2 scrolls of identify.
  2987 | D:3      | 2987 ||| IDENTIFYING murky green potion
  2988 | D:3      | 2988 ||| DROPPING potion of berserk rage.
  3020 | D:4      | 3020 ||| Stepping ~*~*~tactically~*~*~ (stealth).
  3046 | D:4      | Found Runwecer's Book Emporium.
  3046 | D:4      | Found Amoimen's Magic Scroll Shoppe.
  3047 | D:4      | Found Qumo's Antique Weapon Emporium.
  3053 | D:4      | 3053 ||| BUYING scroll of identify (28 gold).
  3053 | D:4      | Bought a scroll of identify for 28 gold pieces
  3053 | D:4      | 3053 ||| BUYING scroll of identify (28 gold).
  3053 | D:4      | Bought a scroll of identify for 28 gold pieces
  3053 | D:4      | 3053 ||| BUYING scroll of identify (28 gold).
  3053 | D:4      | Bought a scroll of identify for 28 gold pieces
  3053 | D:4      | 3053 ||| BUYING scroll of teleportation (42 gold).
  3053 | D:4      | Bought a scroll of teleportation for 42 gold pieces
  3270 | D:4      | Reached XP level 6. HP: 38/38 MP: 6/6
  3296 | D:4      | Noticed Ijyb
  3297 | D:4      | 3297 ||| Stepping ~*~*~tactically~*~*~ (stealth).
  3299 | D:4      | 3299 ||| Stepping ~*~*~tactically~*~*~ (stealth).
  3329 | D:4      | Killed Ijyb
  3368 | D:4      | 3368 ||| Stepping ~*~*~tactically~*~*~ (hiding).
  3370 | D:4      | 3370 ||| Stepping ~*~*~tactically~*~*~ (hiding).
  3379 | D:4      | 3379 ||| Stepping ~*~*~tactically~*~*~ (stealth).
  3381 | D:4      | 3381 ||| Stepping ~*~*~tactically~*~*~ (hiding).
  3467 | D:4      | 3467 ||| Stepping ~*~*~tactically~*~*~ (stealth).
  3551 | D:4      | Noticed Menkaure
  3552 | D:4      | 3552 ||| Stepping ~*~*~tactically~*~*~ (hiding).
  3567 | D:4      | Killed Menkaure
  3568 | D:4      | Reached skill level 6 in Axes
  3578 | D:4      | HP: 7/38 [orc priest/divine providence (11)]
  3579 | D:4      | 3579 ||| READING 2 scrolls of teleportation.
  3592 | D:4      | 3592 ||| FLEEEEING.
  3593 | D:4      | 3593 ||| FLEEEEING.
  3594 | D:4      | 3594 ||| FLEEEEING.
  3595 | D:4      | 3595 ||| FLEEEEING.
  3596 | D:4      | 3596 ||| FLEEEEING.
  3598 | D:4      | 3598 ||| FLEEEEING.
  3599 | D:4      | 3599 ||| FLEEEEING.
  3600 | D:4      | 3600 ||| FLEEEEING.
  3601 | D:4      | 3601 ||| FLEEEEING.
  3607 | D:4      | 3607 ||| STAIRDANCE
  3831 | D:3      | 3831 ||| UPGRADING to +6 ring of strength.
  3832 | D:3      | 3832 ||| DRINKING 2 fizzy purple potions.
  3832 | D:3      | Gained mutation: Your magical capacity is low. (-10% MP)
                  | [potion of mutation]
  3832 | D:3      | Gained mutation: Your spells are a little easier to cast,
                  | but a little less powerful. [potion of mutation]
  3832 | D:3      | Gained mutation: You possess an exceptional clarity of
                  | mind. [potion of mutation]
  3833 | D:3      | 3833 ||| READING 6 scrolls of identify.
  3833 | D:3      | 3833 ||| IDENTIFYING cyan potion
  3834 | D:3      | 3834 ||| READING 5 scrolls of identify.
  3834 | D:3      | 3834 ||| IDENTIFYING fizzy coppery potion
  3843 | D:4      | 3843 ||| FLEEEEING.
  3844 | D:4      | 3844 ||| FLEEEEING.
  3845 | D:4      | 3845 ||| FLEEEEING.
  3846 | D:4      | 3846 ||| FLEEEEING.
  3847 | D:4      | 3847 ||| STAIRDANCE
  4021 | D:4      | Reached skill level 1 in Dodging
  4021 | D:4      | Reached XP level 7. HP: 43/43 MP: 6/6
  4466 | D:4      | 4466 ||| Stepping ~*~*~tactically~*~*~ (stealth).
  4468 | D:4      | 4468 ||| Stepping ~*~*~tactically~*~*~ (stealth).
  4577 | D:4      | Found a runed translucent door.
  4578 | D:4      | Noticed Crazy Yiuf
  4581 | D:4      | 4581 ||| UPGRADING to +2 hat.
  4613 | D:5      | Entered Level 5 of the Dungeon
  4737 | D:5      | Noticed a steam dragon
  4740 | D:5      | Reached skill level 7 in Axes
  4754 | D:5      | Killed a steam dragon
  4758 | D:5      | Reached XP level 8. HP: 32/49 MP: 7/7
  4762 | D:5      | 4762 ||| FLEEEEING.
  4763 | D:5      | 4763 ||| FLEEEEING.
  4764 | D:5      | 4764 ||| FLEEEEING.
  4765 | D:5      | 4765 ||| FLEEEEING.
  4903 | D:5      | Noticed Prince Ribbit
  4904 | D:5      | 4904 ||| Stepping ~*~*~tactically~*~*~ (stealth).
  4942 | D:5      | Killed Prince Ribbit
  4943 | D:5      | Reached skill level 8 in Axes
  5007 | D:5      | 5007 ||| Stepping ~*~*~tactically~*~*~ (stealth).
  5008 | D:5      | 5008 ||| Stepping ~*~*~tactically~*~*~ (stealth).
  5018 | D:5      | 5018 ||| Stepping ~*~*~tactically~*~*~ (stealth).
  5063 | D:5      | 5063 ||| Stepping ~*~*~tactically~*~*~ (stealth).
  5066 | D:5      | 5066 ||| Stepping ~*~*~tactically~*~*~ (stealth).
  5068 | D:5      | 5068 ||| Stepping ~*~*~tactically~*~*~ (hiding).
  5299 | D:5      | 5299 ||| UPGRADING to +0 pair of gloves.
  5304 | D:5      | 5304 ||| READING scroll labelled BITIFA QIOBRA.
  5305 | D:5      | 5305 ||| READING 8 scrolls of identify.
  5305 | D:5      | 5305 ||| IDENTIFYING fuming orange potion
  5306 | D:5      | 5306 ||| READING 7 scrolls of identify.
  5306 | D:5      | 5306 ||| IDENTIFYING puce potion
  5307 | D:5      | 5307 ||| DROPPING potion of flight.
  5327 | D:6      | Found Veciv's General Store.
  5338 | D:6      | 5338 ||| Stepping ~*~*~tactically~*~*~ (stealth).
  5339 | D:6      | 5339 ||| Stepping ~*~*~tactically~*~*~ (stealth).
  5340 | D:6      | 5340 ||| Stepping ~*~*~tactically~*~*~ (stealth).
  5341 | D:6      | 5341 ||| Stepping ~*~*~tactically~*~*~ (stealth).
  5343 | D:6      | 5343 ||| BUYING potion of resistance (130 gold).
  5343 | D:6      | Bought a potion of resistance for 130 gold pieces
  5343 | D:6      | 5343 ||| BUYING scroll of teleportation (39 gold).
  5343 | D:6      | Bought a scroll of teleportation for 39 gold pieces
  5350 | D:6      | Reached skill level 6 in Fighting
  5359 | D:6      | 5359 ||| Stepping ~*~*~tactically~*~*~ (stealth).
  5360 | D:6      | 5360 ||| Stepping ~*~*~tactically~*~*~ (stealth).
  5360 | D:6      | Found Ytruka's Antique Armour Shop.
  5507 | D:6      | 5507 ||| SHOPLISTING pair of boots (153 gold, have 38).
  5568 | D:6      | 5568 ||| Stepping ~*~*~tactically~*~*~ (stealth).
  5570 | D:6      | 5570 ||| Stepping ~*~*~tactically~*~*~ (hiding).
  5573 | D:6      | 5573 ||| Stepping ~*~*~tactically~*~*~ (hiding).
  5596 | D:6      | Identified the +2 chain mail of Xofrogou {Slay+2}
  5629 | D:6      | Found a staircase to the Ecumenical Temple.
  5630 | D:6      | 5630 ||| PLANNING TEMPLE
  5630 | D:6      | 5630 ||| DROPPING +2 chain mail of Xofrogou {Slay+2}.
  5631 | D:6      | 5631 ||| READING scroll labelled JEIPUI HAITO.
  5632 | D:6      | 5632 ||| READING 7 scrolls of identify.
  5632 | D:6      | 5632 ||| IDENTIFYING brown potion
  5633 | D:6      | 5633 ||| DROPPING potion of magic.
  5640 | Temple   | Entered the Ecumenical Temple
  5787 | Temple   | Became a worshipper of Warmaster Okawaru
  5822 | Temple   | 5822 ||| PLANNING D:1-11
  5850 | D:6      | Found Cuyshriob's Weapon Shop.
  5888 | D:6      | 5888 ||| Stepping ~*~*~tactically~*~*~ (hiding).
  5912 | D:6      | 5912 ||| Stepping ~*~*~tactically~*~*~ (stealth).
  5921 | D:6      | Reached skill level 1 in Throwing
  5921 | D:6      | Reached XP level 9. HP: 31/55 MP: 8/8
  6160 | D:6      | Found Yqeuxuix's Distillery.
  6167 | D:6      | 6167 ||| BUYING potion of curing (42 gold).
  6167 | D:6      | Bought a potion of curing for 42 gold pieces
  6167 | D:6      | 6167 ||| SHOPLISTING potion of curing (42 gold, have 39).
  6167 | D:6      | 6167 ||| SHOPLISTING potion of mutation (112 gold, have
                  | 39).
  6212 | D:6      | 6212 ||| READING scroll labelled MAUL NUEPOAKO.
  6213 | D:6      | 6213 ||| READING 6 scrolls of identify.
  6213 | D:6      | 6213 ||| IDENTIFYING murky sapphire potion
  6214 | D:6      | 6214 ||| DROPPING potion of invisibility.
  6256 | D:7      | Reached skill level 9 in Axes
  6268 | D:7      | 6268 ||| Stepping ~*~*~tactically~*~*~ (stealth).
  6277 | D:7      | 6277 ||| Stepping ~*~*~tactically~*~*~ (stealth).
  6282 | D:7      | 6282 ||| Stepping ~*~*~tactically~*~*~ (stealth).
  6425 | D:7      | Reached * piety under Okawaru
  6482 | D:7      | 6482 ||| Stepping ~*~*~tactically~*~*~ (stealth).
  6483 | D:7      | 6483 ||| INVOKING Heroism.
  6495 | D:7      | 6495 ||| INVOKING Heroism.
  6503 | D:7      | Reached skill level 1 in Invocations
  6507 | D:7      | 6507 ||| INVOKING Heroism.
  6611 | D:7      | Noticed Joseph
  6612 | D:7      | 6612 ||| Stepping ~*~*~tactically~*~*~ (hiding).
  6613 | D:7      | 6613 ||| Stepping ~*~*~tactically~*~*~ (hiding).
  6616 | D:7      | 6616 ||| INVOKING Heroism.
  6637 | D:7      | HP: 14/57 [Joseph/+0 quarterstaff (4)]
  6638 | D:7      | 6638 ||| READING 7 scrolls of teleportation.
  6639 | D:7      | 6639 ||| INVOKING Heroism.
  6642 | D:7      | 6642 ||| DRINKING 2 potions of heal wounds.
  6644 | D:7      | 6644 ||| FLEEEEING.
  6645 | D:7      | 6645 ||| FLEEEEING.
  6646 | D:7      | 6646 ||| FLEEEEING.
  7002 | D:7      | 7002 ||| Stepping ~*~*~tactically~*~*~ (stealth).
  7005 | D:7      | 7005 ||| Stepping ~*~*~tactically~*~*~ (hiding).
  7015 | D:7      | 7015 ||| INVOKING Heroism.
  7023 | D:7      | HP: 8/57 [Joseph/+0 quarterstaff (13)]
  7024 | D:7      | 7024 ||| READING 6 scrolls of teleportation.
  7024 | D:7      | Mangled by Joseph

Levels and vault maps discovered:
D:1:      amcnicky_arrival_double_pillar, layout_basic
D:2:      layout_rooms, basic_altar, nicolae_titane, uniq_terence, uniq_natasha
D:3:      layout_basic
D:4:      kennysheep_goblin_castle, layout_basic, nicolae_wooded_promenade,
          uniq_menkaure, uniq_crazy_yiuf_cottage
D:5:      layout_rooms, uniq_prince_ribbit1
D:6:      layout_rooms, minmay_temple_entry_drinking_statues, serial_shops,
          nicolae_shop_crystal, nicolae_shop_crystal, shop,
          nicolae_shop_bloodbath_and_beyond
D:7:      layout_basic, uniq_joseph
Temple:   mainiacjoe_temple_big_plus

Skill      XL: |  1  2  3  4  5  6  7  8  9 |
---------------+----------------------------+-----
Axes           | 2 3 4 5 6 7 8 9 |  9.3
Fighting       | 4 5 6 7 |  7.0
Dodging        | 1 |  1.3
Armour         | 4 5 |  5.0
Throwing       | 1 |  1.7
Shields        | 4 |  4.5
Invocations    | 2 |  2.1

Action                   |  1- 3 |  4- 6 |  7- 9 || total
-------------------------+-------+-------+-------++-------
Melee: War axe           |    70 |   219 |   337 ||   626
       Unarmed           |       |       |    30 ||    30
Throw: Boomerang         |       |       |    10 ||    10
Invok: Heroism           |       |       |     6 ||     6
  Use: Scroll            |     5 |     9 |     9 ||    23
       Potion            |       |     1 |     1 ||     2
Armor: Scale mail        |    12 |       |       ||    12
       Storm dragon scal |    38 |   100 |   185 ||   323
       Skin              |       |       |     1 ||     1
Dodge: Dodged            |    43 |   103 |   259 ||   405
Block: Buckler           |    24 |    37 |    76 ||   137

Table legend:
 A = Non-vault XP
 B = Vault XP
 C = Vault XP percentage of total XP
 D = Non-vault monster count
 E = Vault monster count
 F = Vault count percentage of total count
                 A         B        C        D         E       F
            +---------+---------+-------+---------+---------+-------
      Total |    3225 |     570 |  15.0 |     145 |      16 |   9.9
            +---------+---------+-------+---------+---------+-------
        D:1 |      28 |      36 |  56.2 |      16 |       1 |   5.9
        D:2 |     112 |      35 |  23.8 |      13 |       1 |   7.1
        D:3 |      72 |       0 |   0.0 |      22 |       0 |   0.0
        D:4 |     306 |     225 |  42.4 |      20 |      13 |  39.4
        D:5 |     943 |     274 |  22.5 |      20 |       1 |   4.8
        D:6 |     445 |       0 |   0.0 |      14 |       0 |   0.0
        D:7 |    1319 |       0 |   0.0 |      40 |       0 |   0.0
            +---------+---------+-------+---------+---------+-------
